 Dungeon Crawl Stone Soup version 0.23-a0-208-gb6b040f (webtiles) character file.

11 ultracola the Skirmisher (level 2, -2/24 HPs)
             Began as a Formicid Abyssal Knight on Sept 25, 2018.
             Was a Follower of Lugonu.
             Slain by a kobold
             ... wielding a +0 whip
              (3 damage)
             ... on level 1 of the Dungeon.
             The game lasted 00:00:44 (240 turns).

ultracola the Skirmisher (Formicid Abyssal Knight)   Turns: 240, Time: 00:00:44

Health: -2/24      AC:  3    Str: 16    XL:     2   Next: 40%
Magic:  3/3        EV: 11    Int: 11    God:    Lugonu [*.....]
Gold:   34         SH:  0    Dex: 10    Spells: 1/1 levels left

rFire    . . .     SeeInvis +   a - +1 hand axe
rCold    . . .     Gourm    .   (no shield)
rNeg     . . .     Faith    .   b - +0 leather armour
rPois    .         Spirit   .   (helmet unavailable)
rElec    .         Reflect  .   (no cloak)
rCorr    .         Harm     .   (no gloves)
MR       .....                  (no boots)
Stlth    +.........             (no amulet)
HPRegen  0.08/turn              (no ring)
MPRegen  0.08/turn              (no ring)

@: no status effects
A: permanent stasis, dig shafts and tunnels, four strong arms, antennae 3
a: Dig, Shaft Self, Depart the Abyss, Renounce Religion


You were on level 1 of the Dungeon.
You worshipped Lugonu.
Lugonu was aware of your devotion.
You were not hungry.

You visited 1 branch of the dungeon, and saw 1 of its levels.
You visited the Abyss 1 time.

You collected 34 gold pieces.

Inventory:

Hand Weapons
 a - a +1 hand axe (weapon)
Missiles
 g - 3 stones (quivered)
Armour
 b - a +0 leather armour (worn)
Scrolls
 d - a scroll of teleportation {unknown}
 e - a scroll of remove curse {unknown}
Potions
 f - a potion of curing {unknown}
Comestibles
 c - a ration


   Skills:
 - Level 3.2 Fighting
 + Level 2.9 Axes
 - Level 2.1 Armour
 - Level 0.8 Dodging
 - Level 2.1 Invocations


You had one spell level left.
You didn't know any spells.
Your spell library was empty.

Dungeon Overview and Level Annotations

Branches:
Dungeon (1/15)

Altars:


Innate Abilities, Weirdness & Mutations

You cannot be hasted, slowed, berserked, paralysed or teleported.
You can dig through walls and to a lower floor.
Your four strong arms can wield two-handed weapons with a shield.
You have a pair of large antennae on your head. (SInv)


Message History

You slash the jackal!
You kill the jackal!
Lugonu accepts your kill.
You hit the kobold but do no damage. The kobold hits you with a whip.
* * * LOW HITPOINT WARNING * * *
The kobold closely misses you.
You hit the kobold.
The kobold is moderately wounded.
The kobold misses you.
You closely miss the kobold.
The kobold is moderately wounded.
The kobold hits you but does no damage.
You barely miss the kobold.
The kobold is moderately wounded.
The kobold hits you with a whip.
* * * LOW HITPOINT WARNING * * *
You closely miss the kobold.
The kobold is moderately wounded.
The kobold hits you with a whip.
You die...

...########## #...........#
#........##.# ##.#####.##.#
#####.##.##### ### #..........>.#
.. #.######.###.# .# #.# #.#
#.######.###### #.# #.#
#@#..K.h....... #.# #.#
#K#†###.###.## #####.#
########g.†.#...#...#.###
......###...###......h...h......#
.(...##.......##....#..?#.†h#.#.#
######.........#.#.###.##...#
....##....8....#...........K..
...#...........####.###.....#...
#######.......## #.# ..#.##.#.#


You could see a hobgoblin and a kobold.

Vanquished Creatures
  2 goblins (D:1)
  4 jackals (D:1)
  2 kobolds (D:1)
  A rat (D:1)
9 creatures vanquished.

Notes
Turn   | Place    | Note
-------+----------+-------------------------------------------
     0 | Abyss:1  | ultracola the Formicid Abyssal Knight began the quest for
                  | the Orb.
     0 | Abyss:1  | Reached XP level 1. HP: 18/18 MP: 2/2
    75 | Abyss:2  | Noticed a small abomination
    82 | D:1      | Escaped the Abyss
   211 | D:1      | Reached XP level 2. HP: 15/24 MP: 3/3
   218 | D:1      | Reached * piety under Lugonu
   239 | D:1      | HP: 1/24 [kobold/whip (1)]
   240 | D:1      | Slain by a kobold

Vault maps used:
D:1:      dpeg_arrival_three_same_balls
Abyss:2:  guppyfry_abyss_exit_glass_guarded

Action                   || total
-------------------------++-------
Melee: Hand axe          ||    38
Invok: Depart the Abyss  ||     1
Armor: Leather armour    ||    13
Dodge: Dodged            ||    25

Table legend:
 A = Non-vault XP
 B = Vault XP
 C = Vault XP percentage of total XP
 D = Non-vault monster count
 E = Vault monster count
 F = Vault count percentage of total count
                 A         B        C        D         E       F
            +---------+---------+-------+---------+---------+-------
      Total |      17 |       0 |   0.0 |       9 |       0 |   0.0
            +---------+---------+-------+---------+---------+-------
        D:1 |      17 |       0 |   0.0 |       9 |       0 |   0.0
            +---------+---------+-------+---------+---------+-------
